 Dungeon Crawl Stone Soup version 0.21.1-1-g345015f (webtiles) character file.

37 sking99 the Insei (level 3, 0/26 HPs)
             Began as a Merfolk Transmuter on June 23, 2018.
             Slain by an adder (1 damage)
             ... on level 2 of the Dungeon.
             The game lasted 00:03:28 (1088 turns).

sking99 the Insei (Merfolk Transmuter)              Turns: 1088, Time: 00:03:29

Health: 0/26       AC:  2    Str: 10    XL:     3   Next: 39%
Magic:  6/6        EV: 13    Int: 13    God:
Gold:   51         SH:  0    Dex: 14    Spells: 3/6 levels left

rFire    . . .     SeeInvis .     - Unarmed
rCold    . . .     Gourm    .   (no shield)
rNeg     . . .     Faith    .   b - +0 robe
rPois    .         Spirit   .   (no helmet)
rElec    .         Reflect  .   (no cloak)
rCorr    .         Harm     .   (no gloves)
MR       .....                  (no boots)
Stlth    +.........             (no amulet)
HPRegen  0.08/turn              (no ring)
MPRegen  0.10/turn              (no ring)

@: lethally poisoned (0 -> -5), appendage (expiring)
A: change form in water, swift swim, stealthy swim, horns 2
a: End Transformation


You were on level 2 of the Dungeon.
You were not hungry.
You had grown temporary horns.
You visited 1 branch of the dungeon, and saw 2 of its levels.

You collected 51 gold pieces.

Inventory:

Missiles
 a - 12 arrows
Armour
 b - a +0 robe (worn)
Scrolls
 e - a scroll of fear {unknown}
 g - a scroll of amnesia {unknown}
Potions
 h - a potion of cancellation {unknown}
Books
 c - a book of Changes

   Spells                             Type                      Level
   a - Beastly Appendage              Transmutation                1
   b - Sticks to Snakes               Transmutation                2
   c - Spider Form                    Transmutation/Poison         3
   d - Ice Form                       Ice/Transmutation            4
   e - Blade Hands                    Transmutation                5
Comestibles
 d - 2 rations
 f - 2 chunks of flesh


   Skills:
 - Level 1.1 Fighting
 - Level 2.6 Dodging
 + Level 4.8 Unarmed Combat
 - Level 2.0 Spellcasting
 - Level 2.6 Transmutations


You had 3 spell levels left.
You knew the following spells:

 Your Spells              Type           Power        Failure   Level  Hunger
a - Beastly Appendage     Tmut           #.....       9%          1    ##.....
b - Sticks to Snakes      Tmut           #.......     13%         2    ###....


Dungeon Overview and Level Annotations

Branches:
Dungeon (2/15)

Altars:
Okawaru


Innate Abilities, Weirdness & Mutations

You revert to your normal form in water.
You are very nimble and swift while swimming.
You are very stealthy in the water. (Stealth+)
You have a pair of horns on your head.


Message History

* * * LOW HITPOINT WARNING * * *
You miss the adder.
The adder is heavily wounded.
* * * LOW HITPOINT WARNING * * *
You feel sick. The kobold hits you but does no damage.
The adder closely misses you.
You hit the adder but do no damage.
The adder is heavily wounded.
The adder bites you.
* * * LOW HITPOINT WARNING * * *
The kobold hits you but does no damage.
You barely miss the adder.
You headbutt the adder, but do no damage.
The adder is heavily wounded.
The adder bites you but does no damage. The kobold hits you but does no damage.
You barely miss the adder.
The adder is heavily wounded.
* * * LOW HITPOINT WARNING * * *
You feel sick. The adder bites you.
You die...

...... .#..###
....... .
####...#.. ..#
#.....#.#..
....#..<.#._.#
#$........#.#
........K..#...
.##...S@.......
#...)........
...<...........
...............
###(...........
#............
#...........#
#...#########


You could see an adder and a kobold.

Vanquished Creatures
  An ooze (D:1)
  2 dart slugs (D:1)
  2 leopard geckos (D:1)
  A giant cockroach (D:1)
  A goblin (D:1)
  4 hobgoblins
  5 bats (D:1)
  A frilled lizard (D:1)
  3 kobolds (D:1)
  7 rats (D:1)
27 creatures vanquished.

Notes
Turn   | Place    | Note
-------+----------+-------------------------------------------
     0 | D:1      | sking99 the Merfolk Transmuter began the quest for the Orb.
     0 | D:1      | Reached XP level 1. HP: 15/15 MP: 3/3
    70 | D:1      | Reached XP level 2. HP: 21/21 MP: 3/5
   135 | D:1      | Reached skill level 4 in Unarmed Combat
   452 | D:1      | Learned a level 2 spell: Sticks to Snakes
   619 | D:1      | Reached XP level 3. HP: 17/26 MP: 4/6
  1067 | D:2      | Found an iron altar of Okawaru.
  1088 | D:2      | HP: 1/26 [poisoned by an adder]
  1088 | D:2      | Slain by an adder

Skill      XL: |  1  2 |
---------------+-------+-----
Unarmed Combat | 4 |  4.8
Fighting       | |  1.1
Dodging        | |  2.6
Spellcasting   | |  2.0
Transmutations | |  2.6

Action                   || total
-------------------------++-------
Melee: Unarmed           ||    94
       Headbutt          ||     9
 Cast: Beastly Appendage ||    10
  Eat: Chunk             ||     1
Armor: Robe              ||    22
Dodge: Dodged            ||    70
